 Dungeon Crawl Stone Soup version 0.30-a0-4-ga7cffc901d (webtiles) character file.

Game seed: 17044358264665719490

564 voltaire321 the Ducker (level 7, -1/55 HPs)
             Began as a Merfolk Gladiator on Aug 21, 2022.
             Killed from afar by an orc wizard (9 damage)
             ... with a puff of flame
             ... on level 4 of the Dungeon on Aug 22, 2022.
             The game lasted 00:08:32 (3154 turns).

voltaire321 the Ducker (Merfolk Gladiator)          Turns: 3154, Time: 00:08:33

Health: -1/55      AC:  4    Str: 21    XL:     7   Next: 32%
Magic:  0/7        EV: 15    Int:  7    God:
Gold:   170        SH:  0    Dex: 17    Spells: 6/6 levels left

rFire   . . .      SeeInvis .    v - +2 rapier (venom)
rCold   . . .      Faith    .    (no shield)
rNeg    . . .      Spirit   .    b - +0 leather armour
rPois   .          Reflect  .    c - +0 helmet
rElec   .          Harm     .    (no cloak)
rCorr   .          Rampage  .    (no gloves)
Will    .....                    (no boots)
Stlth   +.........               (no amulet)
HPRegen 0.18/turn                r - +6 ring of strength
MPRegen 0.10/turn                (no ring)

@: no status effects
A: (nimble swimmer 2), mertail
a: no special abilities


You were on level 4 of the Dungeon.
You visited 1 branch of the dungeon, and saw 4 of its levels.

You collected 170 gold pieces.

Inventory:

Hand Weapons
 a - a +0 long sword
 v - a +2 rapier of venom (weapon)
Missiles
 d - 3 throwing nets (quivered)
 e - a javelin
Armour
 b - a +0 leather armour (worn)
 c - a +0 helmet (worn)
Magical Staves
 h - a staff of conjuration
Jewellery
 r - a +6 ring of strength (left hand)
Scrolls
 f - 3 scrolls of amnesia {unknown}
 i - a scroll of identify {unknown}
 k - 2 scrolls of poison {unknown}
 m - a scroll of silence {unknown}
 n - a scroll of noise {unknown}
 q - a scroll of blinking {unknown}
 t - a scroll of summoning {unknown}
 w - a scroll of torment {unknown}
 x - a scroll of immolation {unknown}
 y - 2 scrolls of fear {unknown}
 z - 2 scrolls of enchant weapon {unknown}
 A - a scroll of magic mapping {unknown}
Potions
 g - a potion of flight {unknown}
 j - a potion of degeneration {unknown}
 l - 3 potions of haste {unknown}
 o - 2 potions of ambrosia {unknown}
 p - a potion of resistance
 s - a potion of attraction {unknown}
 u - 2 potions of curing {unknown}


   Skills:
 + Level 4.5 Fighting
 + Level 5.8 Long Blades
 + Level 4.2 Throwing
 + Level 6.3 Dodging


You had 6 spell levels left.
You didn't know any spells.
Your spell library contained the following spells:

 Spells                   Type           Power      Damage    Failure   Level
 Necrotise                Necr           0%         1d4       47%         1
 Static Discharge         Conj/Air       0%         3-3/arc   63%         2
 Lightning Bolt           Conj/Air       0%         1d11      100%        5
 Maxwell's Capacitive Co  Air            0%         ∞         100%        8


Dungeon Overview and Level Annotations

Branches:
Dungeon (4/15)
 Temple: D:4-7

Altars:

Shops:
D:4 *


Innate Abilities, Weirdness & Mutations

((You are very nimble when in or above water. (Stealth+, EV+, Speed+++)))
Your lower body shifts to a powerful aquatic tail in water.


Message History

You kill the orc!
Things that are here:
a +0 whip; an orc corpse
Things that are here:
a +0 whip; an orc corpse
Found a club.
Found Secyabb's Gadget Gallery.
Found a scroll labelled KECVAG OTZULAALE.
f - 3 scrolls labelled KECVAG OTZULAALE (gained 1)
An orc warrior comes into view. It is wielding a +2 antimagic hand axe.
The orc shouts!
The orc drinks a potion.
The orc suddenly seems more resistant.
You puncture the orc!
You kill the orc!
You hit the orc warrior but do no damage.
The orc warrior hits you with a +2 antimagic hand axe!
You feel your power leaking away. The orc wizard closely misses you.
The orc wizard attacks as you move away!
The orc wizard closely misses you.
The orc warrior attacks as you move away!
The orc warrior hits you with a +2 antimagic hand axe!
You feel your power leaking away.
You barely miss the orc warrior. You barely miss the orc warrior.
The orc warrior hits you with a +2 antimagic hand axe!
You hit the orc warrior but do no damage.
The orc warrior is poisoned.
The orc warrior hits you with a +2 antimagic hand axe!
* * * LOW HITPOINT WARNING * * *
The orc warrior attacks as you move away!
The orc warrior hits you with a +2 antimagic hand axe.
* * * LOW HITPOINT WARNING * * *
The orc wizard attacks as you move away!
The orc wizard misses you.
The orc warrior attacks as you move away!
The orc warrior misses you.
The orc wizard gestures at you while chanting.
The puff of flame hits you!
You die...

#....# #.....# #....#
#.....# #....# #.....#
#.)..#####.....#
#..#.##........#
#..##...........####
#..# #.oo...........#
#..# ##........####.#
#..# #.@......####.##
#.##...............#...#
..
..#...........#...∩...
.....
....##........###...#.
....## .###
#........####.##.. .....
#.....#.....#.). ..
#.....#
#.....#......#.##
#.#.#.#
###..##...........
#.#...#
#................###


You could see an orc warrior (poisoned) and an orc wizard.

Vanquished Creatures
  Grinder (D:3)
  Eustachio (D:4)
  A centaur (D:3)
  A hound (D:3)
  6 adders
  A dart slug (D:2)
  7 orcs
  4 endoplasms
  A giant cockroach (D:2)
  7 goblins
  6 hobgoblins
  2 jackals (D:4)
  3 quokkas
  5 ball pythons
  5 bats
  5 frilled lizards
  8 kobolds
  4 rats
68 creatures vanquished.

Vanquished Creatures (others)
  A fungus (D:1)
  32 plants (D:2)
33 creatures vanquished.

Grand Total: 101 creatures vanquished

Notes
Turn   | Place    | Note
-------+----------+-------------------------------------------
     0 | D:1      | voltaire321 the Merfolk Gladiator began the quest for the
                  | Orb.
     0 | D:1      | Reached XP level 1. HP: 16/16 MP: 1/1
    32 | D:1      | Found a faded altar of an unknown god.
    78 | D:1      | Got Plato's Compendium of Necromancy
   123 | D:1      | Reached XP level 2. HP: 22/23 MP: 2/2
   925 | D:1      | Reached XP level 3. HP: 25/28 MP: 3/3
  1654 | D:2      | Reached XP level 4. HP: 34/34 MP: 4/4
  2077 | D:3      | Noticed Grinder
  2106 | D:3      | Killed Grinder
  2107 | D:3      | Reached skill level 5 in Long Blades
  2107 | D:3      | Reached skill level 5 in Dodging
  2107 | D:3      | Reached XP level 5. HP: 16/42 MP: 5/5
  2107 | D:3      | Reached XP level 6. HP: 18/48 MP: 6/6
  2889 | D:4      | Reached skill level 6 in Dodging
  2943 | D:4      | Noticed Eustachio
  2963 | D:4      | Killed Eustachio
  2964 | D:4      | Reached XP level 7. HP: 43/55 MP: 7/7
  3120 | D:4      | Found Secyabb's Gadget Gallery.
  3154 | D:4      | Killed from afar by an orc wizard

Illustrated notes

Levels and vault maps discovered:
D:1:      giann_horns, layout_basic, shapermc_ecumenical_altar_rom_forum,
          chequers_mini_garden, st_stairs_10
D:2:      layout_basic, serial_bayou_lagoon_a, minmay_indecisive_spiral
D:3:      layout_basic, uniq_grinder
D:4:      layout_rooms, nicolae_shop_gadgets, uniq_eustachio

Skill      XL: |  1  2  3  4  5  6 |
---------------+-------------------+-----
Long Blades    | 4 5 |  5.8
Fighting       | 3 4 |  4.5
Throwing       | 3 4 |  4.2
Dodging        | 5 6 |  6.3

Action                   |  1- 3 |  4- 6 |  7- 9 || total
-------------------------+-------+-------+-------++-------
Melee: Long sword        |   114 |     2 |       ||   116
       Punch             |     2 |       |       ||     2
       Rapier            |       |    80 |    19 ||    99
  Use: Scroll            |       |     1 |       ||     1
 Stab: Sleeping          |     1 |     1 |       ||     2
Armor: Leather armour    |    49 |    17 |     5 ||    71
Dodge: Dodged            |    91 |    78 |    14 ||   183

Table legend: (Time is in decaauts)
 A = Elapsed time spent in this place.
 B = Non-inter-level travel time spent in this place.
 C = Inter-level travel time spent in this place.
 D = Time resting spent in this place.
 E = Time spent auto-exploring this place.
 F = Levels seen in this place.
 G = Mean time per level.
                   A        B        C        D        E       F      G
               +--------+--------+--------+--------+--------+-----+--------+
         Total |   3175 |   3109 |     66 |    834 |   1484 |   4 |  793.8 |
       Dungeon |   3175 |   3109 |     66 |    834 |   1484 |   4 |  793.8 |
               +--------+--------+--------+--------+--------+-----+--------+

Top non-repeatable levels by time:
     D:1: 1098 daAuts
     D:2: 858 daAuts
     D:3: 832 daAuts
     D:4: 385 daAuts
